 Dungeon Crawl Stone Soup version 0.32-a0-818-gb728d0252e (webtiles) character file.

Game seed: 4296449827993158524

38 Maxmaps the Slasher (level 3, -11/27 HPs)
             Began as a Demonspawn Gladiator on Mar 25, 2024.
             Mangled by a gnoll
             ... wielding a +0 halberd
              (16 damage)
             ... on level 2 of the Dungeon.
             The game lasted 00:01:19 (1000 turns).

Maxmaps the Slasher (Demonspawn Gladiator)          Turns: 1000, Time: 00:01:19

Health: -11/27     AC:  4    Str: 14    XL:     3   Next: 25%
Magic:  3/3        EV: 11    Int: 10    God:
Gold:   49         SH:  0    Dex: 14    Spells: 2/2 levels left

rFire   . . .        o - +1 short sword (venom)
rCold   . . .        (no shield)
rNeg    + . .        b - +0 leather armour
rPois   .            c - +0 helmet
rElec   .            (no cloak)
rCorr   .            (no gloves)
SInv    .            (no boots)
Will    .....        (no amulet)
Stlth   +            h - ring of positive energy
HPRegen 0.24/turn    (no ring)
MPRegen 0.08/turn

%: no passive effects
@: no status effects
A: ignite blood 1
a: no special abilities


You were on level 2 of the Dungeon.
You visited 1 branch of the dungeon, and saw 2 of its levels.

You collected 49 gold pieces.

Inventory:

Hand Weapons
 a - a +0 long sword
 o - a +1 short sword of venom (weapon)
Missiles
 d - 3 throwing nets (quivered)
 e - a javelin
Armour
 b - a +0 leather armour (worn)
 c - a +0 helmet (worn)
Jewellery
 h - a ring of positive energy (left hand)
Scrolls
 f - 2 scrolls of brand weapon {unknown}
 i - a scroll of immolation {unknown}
 k - a scroll of identify {unknown}
 l - a scroll of fear {unknown}
 m - a scroll of teleportation {unknown}
 n - a scroll of revelation {unknown}
Potions
 g - a potion of invisibility {unknown}
 j - a potion of lignification {unknown}
 p - 2 potions of degeneration {unknown}


   Skills:
 - Level 2.0 Fighting
 + Level 1.5(2.7) Short Blades
 - Level 3.5(3.7) Long Blades
 - Level 1.7 Throwing
 - Level 2.6 Dodging


You had 2 spell levels left.
You didn't know any spells.
Your spell library contained the following spells:

 Spells                   Type           Power      Damage    Failure   Level
 Freeze                   Ice            0%         1d3       43%         1
 Frozen Ramparts          Ice            0%         1d1       82%         3
 Hailstorm                Conj/Ice       0%         3d5       82%         3
 Leda's Liquefaction      Alch/Erth      0%         N/A       99%         4
 Lee's Rapid Deconstruct  Erth           0%         3d4*      100%        5
 Permafrost Eruption      Ice/Erth       0%         2x4d2     100%        6


Dungeon Overview and Level Annotations

Branches:
Dungeon (2/15)

Altars:

Shops:
D:1 *(


Innate Abilities, Weirdness & Mutations

Your demonic aura sometimes causes spilled blood to erupt in flames.


Message History

The web tears apart.
The gnoll hits you with a +0 flail!
The goblin is engulfed in blazing flames.
You kill the goblin!
Your base Short Blades skill increases to level 1!
You kill the gnoll!
You have reached level 3!
Your experience leads to an increase in your attributes!
Increase (S)trength, (I)ntelligence, or (D)exterity?
You feel clever. x2
The frilled lizard barely misses you.
You barely miss the frilled lizard.
The frilled lizard bites you but does no damage.
You hit the frilled lizard.
You kill the frilled lizard!
You hit the ribbon worm.
The ribbon worm is moderately wounded.
You hit the ribbon worm.
The ribbon worm is poisoned.
The ribbon worm is moderately wounded.
The ribbon worm bites you but does no damage.
The gnoll closely misses you.
You hit the ribbon worm.
The ribbon worm looks as sick as possible!
The ribbon worm is heavily wounded.
The ribbon worm misses you. The gnoll barely misses you.
You hit the ribbon worm.
The ribbon worm looks as sick as possible!
The ribbon worm is almost dead.
The gnoll hits you from afar with a +0 halberd!
The ribbon worm expels a string of sticky webbing.
The stream of webbing hits you but does no damage.
You are caught in a web!
You struggle to detach yourself from the web.
You kill the ribbon worm!
The gnoll closely misses you.
The web tears apart.
The gnoll closely misses you.
The gnoll hits you from afar with a +0 spear.
* * * LOW HITPOINT WARNING * * *
The gnoll hits you with a +0 halberd!
Ouch! That really hurt!
You die...

#.............
#.............
.##.............
................
...[.....)......
#............
###gg.w.#####
#g###.# #@# .#
.##### ##.# #
......###..#
#.....## ##..###
#.># ###<.#
>.##....#
#....#..########..


You could see 3 gnolls.

Vanquished Creatures
  A gnoll (D:2)
  A ribbon worm (D:2)
  A ball python (D:1)
  A bat (D:1)
  4 endoplasms (D:1)
  3 giant cockroaches (D:1)
  4 goblins
  A hobgoblin (D:2)
  3 frilled lizards
  2 kobolds (D:1)
  3 rats (D:1)
24 creatures vanquished.

Notes
Turn   | Place    | Note
-------+----------+-------------------------------------------
     0 | D:1      | Maxmaps the Demonspawn Gladiator began the quest for the
                  | Orb.
     0 | D:1      | Reached XP level 1. HP: 16/16 MP: 1/1
    20 | D:1      | Found Povvunn's Assorted Antiques.
    38 | D:1      | Reached skill level 3 in Long Blades
   128 | D:1      | Gained mutation: Your demonic aura sometimes causes spilled
                  | blood to erupt in flames. [demonic ancestry]
   128 | D:1      | Reached XP level 2. HP: 22/22 MP: 2/2
   434 | D:1      | Found Coikaepa's Antique Weapon Shoppe.
   986 | D:2      | Reached skill level 1 in Short Blades
   989 | D:2      | Reached XP level 3. HP: 16/27 MP: 3/3
  1000 | D:2      | Mangled by a gnoll

Illustrated notes

Levels and vault maps discovered:
D:1:      mrwooster_arrival_statue_3, layout_basic, serial_shops, shop, shop
D:2:      layout_rooms, hangedman_decor_growths

Skill      XL: |  1  2 |
---------------+-------+-----
Long Blades    | 3 |  3.5
Short Blades   | 1 |  1.5
Fighting       | |  2.0
Throwing       | |  1.7
Dodging        | |  2.6

Action                     || total
---------------------------++-------
  Melee: Long sword        ||    31
         Short sword       ||    22
   Stab: Sleeping          ||     1
 Armour: Leather armour    ||    23
  Dodge: Dodged            ||    29

Table legend: (Time is in decaauts)
 A = Elapsed time spent in this place.
 B = Non-inter-level travel time spent in this place.
 C = Inter-level travel time spent in this place.
 D = Time resting spent in this place.
 E = Time spent auto-exploring this place.
 F = Levels seen in this place.
 G = Mean time per level.
                   A        B        C        D        E       F      G
               +--------+--------+--------+--------+--------+-----+--------+
         Total |   1004 |    929 |     75 |      0 |    785 |   2 |  502.0 |
       Dungeon |   1004 |    929 |     75 |      0 |    785 |   2 |  502.0 |
               +--------+--------+--------+--------+--------+-----+--------+

Top non-repeatable levels by time:
     D:1: 967 daAuts
     D:2: 36 daAuts
